 Dungeon Crawl Stone Soup version 0.28.0-45-g0d030f2227 (webtiles) character file.

Game seed: 11157107501272068445

65 Kaptain the Digger (level 4, -8/25 HPs)
             Began as a Gargoyle Earth Elementalist on Apr 14, 2022.
             Killed from afar by Sigmund (10 damage)
             ... with a puff of flame
             ... on level 2 of the Dungeon.
             The game lasted 00:05:07 (2613 turns).

Kaptain the Digger (Gargoyle Earth Elementalist)    Turns: 2613, Time: 00:05:08

Health: -8/25      AC:  6    Str: 11 (12) XL:     4   Next: 14%
Magic:  1/7        EV: 11    Int: 16 (17) God:
Gold:   81         SH:  0    Dex:  9 (10) Spells: 3/7 levels left

rFire   . . .      SeeInvis .   h - +0 trident
rCold   . . .      Faith    .   (no shield)
rNeg    + . .      Spirit   .   i - +0 leather armour
rPois   ∞          Reflect  .   (no helmet)
rElec   +          Harm     .   (no cloak)
rCorr   .          Rampage  .   (no gloves)
Will    .....                   (no boots)
Stlth   +.........              (no amulet)
HPRegen 0.08/turn               (no ring)
MPRegen 0.10/turn               (no ring)

@: no status effects
A: sickness immunity, AC +3, negative energy resistance 1, electricity
resistance, torment resistance 1, petrification resistance
a: no special abilities


You were on level 2 of the Dungeon.
You visited 1 branch of the dungeon, and saw 2 of its levels.

You collected 81 gold pieces.

Inventory:

Hand Weapons
 a - a +0 dagger
 f - a +0 short sword
 h - a +0 trident (weapon)
Missiles
 c - 15 stones
Armour
 b - a +0 robe
 i - a +0 leather armour (worn)
Scrolls
 e - a scroll of enchant weapon {unknown}
 g - 3 scrolls of identify {unknown}
 j - a scroll of brand weapon {unknown}
 k - a scroll of teleportation {unknown}


   Skills:
 * Level 1.3 Fighting
 + Level 1.0 Armour
 + Level 1.9 Dodging
 - Level 2.1 Stealth
 * Level 2.4 Spellcasting
 * Level 1.7 Conjurations
 - Level 0.7 Transmutations
 * Level 4.1 Earth Magic


You had 3 spell levels left.
You knew the following spells:

 Your Spells              Type           Power      Damage    Failure   Level
a - Sandblast             Erth           30%        2d9       4%          1
b - Stone Arrow           Conj/Erth      22%        3d8       24%         3

Your spell library contained the following spells:

 Spells                   Type           Power      Damage    Failure   Level
 Passwall                 Tmut/Erth      7%         N/A       14%         2
 Petrify                  Tmut/Erth      9%         N/A       67%         4
 Passage of Golubria      Tloc           1%         N/A       95%         4
 Silence                  Hex/Air        0%         N/A       100%        5
 Lehudib's Crystal Spear  Conj/Erth      5%         10d3      100%        8


Dungeon Overview and Level Annotations

Branches:
Dungeon (2/15)

Altars:

Annotations:
D:2 Sigmund


Innate Abilities, Weirdness & Mutations

You are immune to sickness and miasma.
Your stone body is resilient. (AC +3)
You are immune to poison.
You resist negative energy. (rN+)
You are resistant to electric shocks. (rElec)
You are resistant to unholy torment.
You are immune to petrification.


Message History

Sigmund hits you from afar with a +0 scythe of venom!
Casting: Stone Arrow (extremely dangerous; 22% risk of failure)
Confirm with . or Enter, or press ? or * to list all spells.
Aiming: Stone Arrow (extremely dangerous; 22% risk of failure)
Press: ? - help, Shift-Dir - straight line, f/p - Sigmund
Aim: Sigmund, wielding a +0 scythe of venom and wearing a +0 robe (heavily wounded, 64% to hit)
You miscast Stone Arrow.
You are very lightly contaminated with residual magic.
Nothing appears to happen.
Unknown command.
Sigmund hits you from afar with a +0 scythe of venom!
Sigmund giggles. "Time to reap what you sow."
A hobgoblin comes into view.
There is an open door here.
Your magical contamination has completely faded away.
The hobgoblin shouts!
Sigmund gestures wildly while chanting.
Sigmund flickers and vanishes!
Deactivating autopickup; reactivate with Ctrl-A.
Casting: Stone Arrow (extremely dangerous; 22% risk of failure)
Confirm with . or Enter, or press ? or * to list all spells.
Aiming: Stone Arrow (extremely dangerous; 22% risk of failure)
Press: ? - help, Shift-Dir - straight line You miscast Stone Arrow.
You are very lightly contaminated with residual magic.
Nothing appears to happen.
A magic dart appears from out of thin air!
The magic dart hits you!
* * * LOW HITPOINT WARNING * * *
It was a potion of degeneration.
There was something very wrong with that liquid.
You feel weakened.
You feel dopey.
You feel clumsy.
You see here a +0 short sword.
Your magical contamination has completely faded away.
You hear some strange, mumbled words.
Something tries to affect you, but you resist.
There is a stone staircase leading down here.
A puff of flame appears from out of thin air!
The puff of flame hits you!
You die...

#.........#.......##..#
#......####.########..#
#.#....## #.# #.....#
#.......# #.# #.##..#
#.##...## #.# #.##..#
#......# #.# #.##..#
#.#.#..# #.# #.##..#
#.#.#..####.### #.##..#
#.#.#.@..{g...# #.##..#
#.#.#.#####.#.###.##..#
#.#.#.# #.#.#..(##..# #
#.#.#.# #)#.#.####..# #.
#.#...# #g#.#.# ##..#
..######.#########.#.#.#
#...#
..............g......#.#
#....
..#...#.#########.###.#
#...# #......# #.#
#.###..##


You could see a hobgoblin.

Vanquished Creatures
  2 dart slugs (D:1)
  An orc (D:2)
  8 ball pythons
  4 endoplasms
  3 giant cockroaches
  3 goblins (D:1)
  5 hobgoblins (D:1)
  8 jackals (D:2)
  4 kobolds
  2 quokkas (D:1)
  5 bats
  3 frilled lizards
  5 rats (D:1)
53 creatures vanquished.

Notes
Turn   | Place    | Note
-------+----------+-------------------------------------------
     0 | D:1      | Kaptain the Gargoyle Earth Elementalist began the quest for
                  | the Orb.
     0 | D:1      | Reached XP level 1. HP: 10/10 MP: 3/3
   225 | D:1      | Reached XP level 2. HP: 15/16 MP: 0/5
   641 | D:1      | Reached skill level 1 in Conjurations
   719 | D:1      | Reached skill level 1 in Fighting
   719 | D:1      | Reached XP level 3. HP: 19/20 MP: 1/6
   724 | D:1      | Learned a level 3 spell: Stone Arrow
  1177 | D:1      | Reached skill level 4 in Earth Magic
  2008 | D:2      | Reached XP level 4. HP: 23/25 MP: 7/7
  2086 | D:2      | Reached skill level 1 in Armour
  2577 | D:2      | Noticed Sigmund
  2600 | D:2      | HP: 1/25 [something/magic dart (9)]
  2613 | D:2      | Killed from afar by Sigmund

Illustrated notes

Levels and vault maps discovered:
D:1:      evilmike_arrival_plus, layout_loops_corners, hangedman_glass_teeth,
          minmay_small_reverse_x
D:2:      layout_basic, nicolae_ecumenical_snake_handling,
          kennysheep_cross_room, uniq_sigmund, uniq_crazy_yiuf_cottage

Skill      XL: |  1  2  3  4 |
---------------+-------------+-----
Conjurations   | 1 |  1.7
Fighting       | 1 |  1.3
Earth Magic    | 4 |  4.1
Armour         | 1 |  1.0
Dodging        | |  1.9
Stealth        | |  2.1
Spellcasting   | |  2.4
Transmutations | |  0.7

Action                   |  1- 3 |  4- 6 || total
-------------------------+-------+-------++-------
Melee: Dagger            |    17 |       ||    17
       Unarmed           |     1 |       ||     1
       Punch             |     1 |       ||     1
       Trident           |    23 |    13 ||    36
 Cast: Sandblast         |    53 |       ||    53
       Stone Arrow       |       |     5 ||     5
  Use: Potion            |       |     1 ||     1
Armor: Robe              |     4 |       ||     4
       Leather armour    |    23 |    16 ||    39
Dodge: Dodged            |    48 |    17 ||    65
